Map: Altitude LE

Players

Abel - Winner!

  • Race: Terran Terran
  • League: Gold
  • Spawn Location: 1:00

MattBarry

  • Race: Zerg Zerg
  • League: Gold
  • Spawn Location: 7:00

VOD

Have the link to the VOD?

Description

Time

  • Played on: Jan. 30, 2023, 9:13 a.m.
  • Length: 19:43
Show
View Real Time Build Order
Export as new Build Order

Abel Terran - Winner!

Build Orders:  

Get SALT Encoding   

  12  0:20  SCV  
  13  0:25  Refinery  
  13  0:33  SCV  
  14  0:38  Supply Depot  
  14  0:45  SCV  
  15  1:00  SCV  
  15  1:03  Barracks  
  16  1:12  SCV  
  17  1:24  SCV  
  18  1:32  Barracks  
  18  1:36  SCV  
  19  1:48  SCV  
  19  1:50  Marine  
  19  1:52  Supply Depot  
  21  2:00  SCV  
  21  2:01  Factory  
  22  2:07  Refinery  
  22  2:08  Marine  
  22  2:14  SCV  
  24  2:16  Supply Depot  
  24  2:22  Barracks Reactor  
  24  2:26  Marine, SCV  
  26  2:44  Marine  
  26  2:46  Factory Tech Lab  
  27  2:52  SCV  
  27  2:56  Supply Depot  
  28  3:00  Marine x2  
  28  3:02  Marine  
  31  3:06  Siege Tank  
  31  3:12  SCV  
  35  3:19  Marine  
  35  3:24  SCV  
  37  3:31  Marine x2  
  39  3:37  Marine  
  39  3:38  Siege Tank  
  43  3:48  Supply Depot  
  43  3:49  Orbital Command  
  43  3:56  Barracks Tech Lab  
  43  3:58  Marine  
  43  3:59  Marine  
  45  4:04  Starport  
  45  4:23  Supply Depot, Marine x2  
  47  4:25  Stimpack  
  47  4:27  Marine  
  48  4:34  Siege Tank  
  51  4:41  Marine x2  
  51  4:44  Starport Reactor  
  51  4:45  Marine  
  54  4:51  SCV  
  55  4:54  Supply Depot  
  55  5:01  Marine x2  
  55  5:04  Marine  
  58  5:19  Marine x2  
  60  5:22  Marine  
  60  5:23  Medivac x2  
  65  5:39  Command Center  
  65  5:40  Marine  
  66  5:49  Siege Tank  
  69  5:52  Supply Depot  
  69  5:55  SCV  
  70  6:08  SCV  
  70  6:09  Barracks  
  70  6:10  Combat Shield  
  71  6:31  Marine  
  72  6:33  Marine x2  
  72  6:35  Siege Tank  
  72  6:36  SCV  
  78  6:44  Supply Depot  
  78  6:48  SCV  
  78  6:51  Marine x3  
  82  6:54  Orbital Command  
  62  7:52  Barracks Reactor  
  62  7:55  Marine x2  
  62  7:56  Barracks  
  62  7:57  Marine  
  65  8:00  Siege Tank  
  65  8:02  Medivac x2  
  72  8:13  Marine x2  
  72  8:15  Marine  
  75  8:31  Marine x2  
  75  8:32  Siege Tank  
  75  8:33  Supply Depot, Marine  
  61  8:49  Marine x2  
  61  8:50  Marine  
  57  8:56  Supply Depot  
  57  9:04  Siege Tank  
  57  9:06  Marine  
  57  9:07  Marine  
  62  9:17  Barracks Reactor  
  62  9:20  Medivac x2  
  66  9:24  Supply Depot, SCV  
  66  9:28  SCV  
  68  9:34  Refinery  
  68  9:36  SCV, Refinery  
  69  9:38  Siege Tank  
  69  9:40  SCV  
  69  9:44  Barracks Reactor  
  73  9:51  Supply Depot  
  73  9:52  Engineering Bay  
  73  9:54  Marine x2  
  73  9:56  Marine x2  
  77  10:01  Marine x2  
  79  10:12  Marine x2  
  81  10:14  Marine x2  
  81  10:15  Supply Depot  
  81  10:18  Marine  
  81  10:19  Marine, Engineering Bay  
  85  10:22  Marine x2  
  87  10:29  Marine  
  87  10:30  Marine  
  87  10:32  Marine x2  
  91  10:36  Marine  
  91  10:37  Marine  
  91  10:39  Marine  
  91  10:40  Marine  
  95  10:45  Armory  
  95  10:47  Terran Infantry Weapons Level 1  
  95  10:48  Terran Infantry Armor Level 1  
  95  10:51  Siege Tank  
  95  10:54  Supply Depot, Marine x2  
  100  11:07  Marine x3  
  100  11:08  Marine x3  
  106  11:12  Marine x2  
  106  11:14  Medivac  
  106  11:15  Medivac  
  106  11:18  Supply Depot  
  112  11:23  Siege Tank  
  112  11:25  Marine x3  
  117  11:26  Marine x2  
  117  11:27  Marine  
  121  11:41  Supply Depot, Terran Vehicle Weapons Level 1  
  121  11:47  Armory  
  121  11:48  Marine  
  121  11:49  Marine x3  
  121  11:50  Marine x2  
  121  11:51  Marine x2  
  129  12:03  Supply Depot  
  129  12:06  Marine x2  
  129  12:07  Marine x3  
  129  12:08  Marine  
  135  12:09  Marine x2  
  137  12:25  Marine x2  
  137  12:26  Supply Depot, Marine x3  
  137  12:27  Marine x2  
  144  12:38  Factory  
  144  12:44  Terran Infantry Armor Level 2  
  144  12:49  Supply Depot  
  144  13:04  Siege Tank  
  147  13:06  Marine x2  
  147  13:07  Marine x4  
  147  13:08  Marine x2  
  147  13:12  Supply Depot  
  133  13:54  Factory Tech Lab  
  133  13:58  SCV  
  134  14:05  Marine  
  134  14:06  Marine  
  134  14:08  Marine x2  
  134  14:09  Marine x2  
  140  14:10  Marine, SCV  
  140  14:11  Marine  
  140  14:13  Starport Reactor  
  140  14:15  Siege Tank x2  
  149  14:23  Marine x2, SCV  
  152  14:26  Marine x2  
  152  14:27  Marine x2  
  152  14:28  Marine x2  
  158  14:35  SCV  
  159  14:43  Marine  
  159  14:44  SCV  
  159  14:45  Marine  
  162  14:46  Marine  
  162  14:47  SCV  
  162  14:48  Marine  
  162  14:49  Marine x2  
  162  14:50  Marine x2  
  169  14:56  SCV  
  169  14:59  Siege Tank x2  
  176  15:01  Marine  
  176  15:02  Marine  
  176  15:04  Marine  
  179  15:08  Terran Infantry Weapons Level 2  
  179  15:28  Engineering Bay  
  179  15:42  Supply Depot  
  179  15:55  Armory  
  135  17:25  Marine x2  
  135  17:27  Marine x2  
  135  17:29  Marine x2  
  140  17:31  Marine x2  
  141  17:43  Marine x2  
  133  17:45  Marine x2  
  133  17:47  Marine x2  
  133  17:48  Marine  
  133  17:49  Marine  
  136  18:01  Marine x2  
  136  18:03  Marine x2  
  136  18:04  Marine x2  
  139  18:06  Marine x2  
  129  18:21  Marine  
  129  18:24  Viking  
  129  18:25  Viking  
  109  18:54  Viking, Command Center  
  109  18:55  Viking  
Show
View Real Time Build Order
Export as new Build Order

MattBarry Zerg 

Build Orders: Hatch First 

Get SALT Encoding   

  12  0:00  Drone  
  13  0:08  Drone  
  14  0:17  Overlord  
  14  0:22  Extractor  
  14  0:24  Drone  
  15  0:38  Drone  
  16  0:51  Hatchery  
  16  0:53  Drone  
  16  1:01  Drone x2  
  18  1:05  Extractor  
  17  1:18  Spawning Pool  
  17  1:23  Drone  
  17  1:24  Drone  
  18  1:33  Drone  
  18  1:38  Overlord  
  19  2:05  Zergling x6  
  19  2:07  Queen  
  19  2:08  Queen  
  24  2:11  Drone  
  27  2:16  Metabolic Boost  
  27  2:29  Drone x3  
  30  2:41  Drone  
  30  2:42  Drone, Overlord  
  32  2:55  Queen  
  34  3:01  Baneling Nest  
  33  3:06  Evolution Chamber  
  33  3:07  Drone x3  
  33  3:12  Drone x2  
  36  3:30  Pneumatized Carapace  
  36  3:45  Drone x3  
  36  3:46  Drone, Overlord  
  36  3:47  Zergling x2  
  41  3:54  Lair  
  41  3:58  Overlord  
  41  4:01  Hatchery  
  40  4:03  Overlord  
  40  4:19  Extractor  
  40  4:20  Extractor  
  40  4:22  Extractor  
  37  4:36  Queen  
  39  4:45  Hatchery  
  38  4:56  Centrifugal Hooks  
  38  5:02  Drone x3  
  38  5:03  Drone x8  
  38  5:04  Drone  
  50  5:13  Queen  
  49  5:25  Drone x7  
  49  5:26  Drone  
  57  5:33  Spore Crawler x2  
  55  5:35  Spore Crawler  
  55  5:38  Spore Crawler  
  55  5:41  Spore Crawler  
  52  5:43  Spore Crawler  
  52  5:44  Drone  
  52  5:50  Drone x3  
  52  5:51  Drone  
  56  5:57  Queen  
  58  6:04  Queen  
  58  6:06  Queen  
  58  6:10  Queen  
  64  6:30  Zergling x14  
  64  6:31  Zergling x2  
  72  6:34  Overlord x2  
  72  6:35  Overlord  
  72  6:54  Zergling x6  
  72  6:55  Zergling x10  
  80  7:12  Baneling x5  
  80  7:13  Baneling x4  
  78  7:16  Zergling x4  
  78  7:17  Zergling x2  
  78  7:19  Zergling x12  
  78  7:20  Zergling x8  
  89  7:23  Zergling x4  
  79  7:33  Zergling x18  
  82  7:40  Zergling x4  
  77  7:49  Zergling x8  
  73  7:55  Zergling x4  
  73  8:03  Baneling x4  
  73  8:07  Zergling x2  
  73  8:08  Zergling x18  
  73  8:12  Zergling x6  
  85  8:17  Zerg Melee Weapons Level 1  
  85  8:23  Overlord  
  85  8:27  Zergling x14  
  90  8:41  Overlord x4  
  83  8:47  Zergling x16  
  81  8:58  Infestation Pit, Evolution Chamber x2  
  78  9:26  Drone x5  
  78  9:27  Drone x6  
  78  9:28  Zergling x2, Drone  
  78  9:29  Zergling x14  
  98  9:32  Baneling x7  
  98  9:33  Baneling x2, Overseer  
  98  9:34  Overseer  
  98  9:37  Queen x3  
  106  9:40  Zerg Ground Armor Level 1  
  106  9:49  Hive  
  100  10:14  Hatchery  
  96  10:19  Spire  
  95  10:28  Pathogen Glands  
  95  10:30  Zerg Melee Weapons Level 2, Nydus Network  
  94  10:47  Extractor  
  93  10:51  Extractor  
  92  11:05  Queen x4  
  92  11:11  Overlord x2  
  100  11:13  Infestor  
  100  11:14  Infestor x2  
  100  11:17  Viper  
  109  11:27  Zergling x2  
  109  11:28  Zergling x46  
  109  11:30  Baneling x6  
  109  11:31  Baneling x4, Overlord x3  
  109  11:32  Overlord  
  133  11:49  Queen  
  133  11:50  Drone x3  
  133  11:51  Drone x2  
  140  12:06  Drone x6  
  146  12:12  Greater Spire  
  146  12:16  Extractor  
  146  12:20  Roach Warren, Extractor  
  143  12:24  Queen  
  143  12:25  Hydralisk Den  
  144  12:55  Nydus Canal  
  144  13:04  Zergling x24  
  144  13:05  Zergling x18  
  163  13:07  Infestor x2  
  163  13:08  Roach x3  
  163  13:09  Roach x2  
  178  13:30  Zergling x10  
  132  13:55  Roach x5  
  133  13:56  Roach  
  133  13:57  Roach  
  137  14:02  Lurker Den  
  137  14:08  Drone x4  
  137  14:09  Drone x5  
  145  14:30  Roach  
  145  14:31  Ravager x3, Roach x2  
  151  14:32  Ravager x6  
  160  14:51  Overlord x2  
  160  15:06  Overlord x5  
  160  15:07  Overlord x2  
  160  15:08  Hatchery  
  159  15:26  Corruptor x5  
  159  15:27  Corruptor x5  
  104  16:12  Zergling x6  
  104  16:13  Zergling x52  
  133  16:38  Baneling x5  
  133  16:39  Baneling x5  
  133  16:44  Brood Lord x4  
  133  16:45  Brood Lord x2  
  145  16:51  Overlord  
  145  16:52  Overlord  
  145  16:54  Overlord  
  145  16:55  Overlord  
  135  17:14  Zergling x6  
  135  17:15  Zergling x18  
  118  17:16  Zergling x2  
  116  17:35  Zergling x24  
  128  17:41  Zergling x2  
  116  17:49  Zergling x14  
  111  17:59  Zergling x12  
  92  18:20  Zergling x16  
  92  18:21  Zergling x10  
  101  18:29  Zergling x8  
  101  18:30  Zergling x2  
  101  18:31  Zergling x2  
  105  18:42  Queen  
  105  18:44  Overlord x2  
  107  18:52  Baneling x5  
  107  18:53  Baneling x3  
  64  19:12  Zergling x2  
  64  19:13  Zergling x18  
  58  19:22  Zergling x6  
Tags
 
League
GoldGold
Matchup
TvZ
Replay Pack
Multiplayer
Spawn Locations
Cross Positions
Add a new tag
Caveats
  • Supply blocks, unpowered buildings, or Contaminate may cause inaccurate times.
  • Supply counts are checked every 10 seconds.